 Dungeon Crawl Stone Soup version 0.28-a0-518-g36894cfc38 (webtiles) character file.

Game seed: 7213525155354491479

1506 McIrco the Protected (level 8, -2/74 HPs)
             Began as a Minotaur Fighter on Sept 23, 2021.
             Slain by Joseph (13 damage)
             ... on level 7 of the Dungeon.
             The game lasted 00:07:48 (7974 turns).

McIrco the Protected (Minotaur Fighter)             Turns: 7974, Time: 00:07:49

Health: -2/74      AC: 10    Str: 23    XL:     8   Next: 52%
Magic:  7/7        EV: 10    Int:  5    God:
Gold:   249        SH:  5    Dex: 10    Spells: 7/7 levels left

rFire   . . .      SeeInvis .   a - +1 war axe
rCold   . . .      Faith    .   c - +0 buckler
rNeg    . . .      Spirit   .   b - +0 scale mail
rPois   .          Reflect  .   (helmet restricted)
rElec   .          Harm     .   (no cloak)
rCorr   .          Rampage  .   i - +0 pair of gloves
Will    .....                   (no boots)
Stlth   ..........              (no amulet)
HPRegen 0.22/turn               (no ring)
MPRegen 0.10/turn               (no ring)

@: mighty
A: horns 2, retaliatory headbutt
a: no special abilities


You were on level 7 of the Dungeon.
You visited 2 branches of the dungeon, and saw 8 of its levels.

You collected 249 gold pieces.

Inventory:

Hand Weapons
 a - a +1 war axe (weapon)
Missiles
 s - 29 poisoned darts (quivered)
Armour
 b - a +0 scale mail (worn)
 c - a +0 buckler (worn)
 i - a +0 pair of gloves (worn)
Jewellery
 n - an amulet of reflection
 u - a ring of magical power
Wands
 m - a wand of charming (8)
Scrolls
 e - a scroll of vulnerability
 g - 3 scrolls of identify
 k - 3 scrolls of teleportation
 r - a scroll of fear
Potions
 d - 2 potions of might
 f - a potion of resistance {unknown}
 h - 3 potions of curing
 j - 3 potions of ambrosia
 l - 2 potions of mutation
 p - 4 potions of cancellation
 q - a potion of heal wounds {unknown}


   Skills:
 + Level 7.9 Fighting
 - Level 2.4 Axes
 + Level 9.5 Armour
 + Level 7.1 Shields


You had 7 spell levels left.
You didn't know any spells.
Your spell library contained the following spells:

 Spells                   Type           Power      Damage    Failure   Level
 Animate Skeleton         Necr           0%         N/A       75%         1
 Pain                     Necr           0%         1d4       75%         1
 Sting                    Tmut/Pois      0%         1d3       75%         1
 Poisonous Vapours        Pois/Air       0%         N/A       86%         2
 Slow                     Hex            0%         N/A       86%         2
 Call Canine Familiar     Summ           0%         N/A       98%         3
 Confusing Touch          Hex            0%         N/A       98%         3
 Dazzling Flash           Conj/Hex       0%         N/A       98%         3
 Portal Projectile        Hex/Tloc       0%         N/A       98%         3
 Vampiric Draining        Necr           0%         2d6       98%         3
 Leda's Liquefaction      Hex/Erth       0%         N/A       100%        4
 Olgreb's Toxic Radiance  Pois           0%         N/A       100%        4
 Agony                    Necr           0%         N/A       100%        5
 Silence                  Hex/Air        0%         N/A       100%        5


Dungeon Overview and Level Annotations

Branches:
Dungeon (7/15)             Temple (1/1) D:5

Altars:
Ashenzari
Cheibriados
Dithmenos
Elyvilon
Fedhas
Hepliaklqana
Kikubaaqudgha
Makhleb
Nemelex Xobeh
Okawaru
Qazlal
Sif Muna
Trog
Uskayaw
Wu Jian
Yredelemnul
Zin
The Shining One

Annotations:
D:7 Joseph


Innate Abilities, Weirdness & Mutations

You have a pair of horns on your head.
You reflexively headbutt those who attack you in melee.


Message History

Joseph unwields a +0 quarterstaff.
Joseph wields a +0 hunting sling.
Joseph shoots a sling bullet.
You block the sling bullet.
Joseph shoots a sling bullet.
The sling bullet hits you!
A phantom comes into view.
Joseph shoots a sling bullet.
The sling bullet closely misses you.
Joseph unwields a +0 hunting sling.
Joseph wields a +0 quarterstaff.
Joseph hits you but does no damage.
You closely miss Joseph. Your headbutt misses Joseph.
You block Joseph's attack.
You barely miss Joseph. You headbutt Joseph, but do no damage.
Joseph hits you with a +0 quarterstaff.
You slash Joseph!
Joseph is lightly wounded.
Joseph says, "I'm happy to see you. And I'll be happy to kill you."
Joseph hits you but does no damage. Joseph hits you with a +0 quarterstaff!
You closely miss Joseph. Your headbutt misses Joseph.
Joseph is lightly wounded.
Joseph hits you with a +0 quarterstaff!
You hit Joseph but do no damage. Your headbutt misses Joseph.
Joseph is lightly wounded.
Joseph completely misses you.
You barely miss Joseph. You headbutt Joseph.
Joseph is lightly wounded.
Joseph hits you but does no damage. Joseph hits you with a +0 quarterstaff!
You feel very mighty all of a sudden. Joseph hits you with a +0 quarterstaff!
You slash Joseph!
Joseph is moderately wounded.
Joseph closely misses you.
You slash Joseph! You headbutt Joseph!
Joseph is heavily wounded.
Joseph hits you with a +0 quarterstaff!
* * * LOW HITPOINT WARNING * * *
Joseph hits you with a +0 quarterstaff.
* * * LOW HITPOINT WARNING * * *
You closely miss Joseph.
Joseph is heavily wounded.
Joseph says, "Now you've reached the end of your journey."
Joseph hits you with a +0 quarterstaff!
You die...

#.# #.# #.#
#.# #.# #.#
#.#
.##########.#
....)W@@....#
.############


You could see Joseph and a phantom.

Vanquished Creatures
  A water moccasin (D:5)
  A hornet zombie (D:6)
  A sky beast (D:6)
  An ogre (D:5)
  A phantom (D:4)
  A kobold brigand (D:6)
  A bullfrog (D:7)
  A water moccasin skeleton (D:4)
  3 wights (D:4)
  2 jellies
  3 hounds (D:5)
  A gnoll shaman (D:6)
  6 iguanas
  A scorpion zombie (D:5)
  Natasha (D:2)
  A killer bee zombie (D:6)
  A hound zombie (D:5)
  A howler monkey zombie (D:4)
  Robin (D:3)
  7 gnolls
  9 adders
  A white imp (D:5)
  2 ufetubi (D:5)
  An adder skeleton (D:4)
  6 worms
  4 dart slugs
  6 orcs
  4 ball pythons
  4 bats
  9 endoplasms
  11 giant cockroaches
  13 goblins
  12 hobgoblins
  7 jackals
  4 quokkas
  2 frilled lizards (D:3)
  7 kobolds
  6 rats
144 creatures vanquished.

Vanquished Creatures (others)
  A goblin (D:3)
  8 plants (D:6)
9 creatures vanquished.

Grand Total: 153 creatures vanquished

Notes
Turn   | Place    | Note
-------+----------+-------------------------------------------
     0 | D:1      | McIrco the Minotaur Fighter began the quest for the Orb.
     0 | D:1      | Reached XP level 1. HP: 19/19 MP: 0/0
     1 | D:1      | Found a runed translucent door.
     2 | D:1      | Noticed a jelly
   303 | D:1      | You fall into a shaft and drop 1 floor!
   351 | D:2      | Reached skill level 4 in Armour
   351 | D:2      | Reached XP level 2. HP: 19/27 MP: 1/1
   562 | D:2      | Found a faded altar of an unknown god.
   649 | D:2      | Reached XP level 3. HP: 33/33 MP: 2/2
  1878 | D:1      | Reached XP level 4. HP: 37/41 MP: 3/3
  1894 | D:1      | Reached skill level 5 in Armour
  2204 | D:3      | Reached XP level 5. HP: 46/47 MP: 4/4
  2232 | D:3      | Noticed Natasha
  2234 | D:3      | Noticed Robin
  2258 | D:2      | Killed Natasha
  2259 | D:2      | Reached skill level 5 in Fighting
  2779 | D:3      | Killed Robin
  2780 | D:3      | Reached skill level 5 in Shields
  3396 | D:4      | Reached XP level 6. HP: 46/56 MP: 5/5
  3476 | D:4      | Reached skill level 6 in Armour
  4284 | D:5      | Entered Level 5 of the Dungeon
  4470 | D:5      | Reached skill level 7 in Armour
  4470 | D:5      | Reached XP level 7. HP: 52/61 MP: 6/6
  4951 | D:5      | Found a staircase to the Ecumenical Temple.
  5040 | Temple   | Entered the Ecumenical Temple
  5347 | D:5      | Reached skill level 8 in Armour
  5746 | D:5      | Found a hazy altar of Hepliaklqana.
  5889 | D:4      | Reached XP level 8. HP: 50/73 MP: 7/7
  6563 | D:6      | Reached skill level 9 in Armour
  7960 | D:7      | Noticed Joseph
  7974 | D:7      | Slain by Joseph

Illustrated notes

Levels and vault maps discovered:
D:1:      dpeg_arrival_caged_fury, layout_basic, serial_corexii_hall,
          chequers_hall_statues_corner_a, chequers_hall_statues_corner_a,
          corexii_hall_statues_i, corexii_hall_statues_i
D:2:      layout_rooms, basic_ecumenical_altar, grunt_ministairs_14,
          grunt_decor_fettered, hex_tiny
D:3:      layout_loops_ring, uniq_robin, uniq_natasha
D:4:      layout_loops_cross
D:5:      layout_cave_pools, nzn_hepliaklqana_mist_gate, temple_doors_ab,
          st_stairs_13, grunt_tough_drop
D:6:      layout_basic, serial_bayou_lake_a
D:7:      layout_loops_ring, gammafunk_ghost_nasty_kobolds, enter_bailey_2,
          uniq_joseph
Temple:   minmay_crystal_spiral_temple

Skill      XL: |  1  2  3  4  5  6  7  8 |
---------------+-------------------------+-----
Armour         | 4 5 7 8 9 |  9.5
Fighting       | 4 5 6 7 |  7.9
Shields        | 4 5 6 7 |  7.1
Axes           | |  2.4

Action                   |  1- 3 |  4- 6 |  7- 9 || total
-------------------------+-------+-------+-------++-------
Melee: War axe           |    66 |   162 |   190 ||   418
       Headbutt          |    10 |    22 |    33 ||    65
  Use: Potion            |       |     1 |     1 ||     2
       Scroll            |       |     6 |     7 ||    13
Armor: Scale mail        |    39 |    78 |    93 ||   210
Dodge: Dodged            |    18 |    67 |   112 ||   197
Block: Buckler           |    22 |    38 |    58 ||   118

Table legend: (Time is in decaauts)
 A = Elapsed time spent in this place.
 B = Non-inter-level travel time spent in this place.
 C = Inter-level travel time spent in this place.
 D = Time resting spent in this place.
 E = Time spent auto-exploring this place.
 F = Levels seen in this place.
 G = Mean time per level.
                   A        B        C        D        E       F      G
               +--------+--------+--------+--------+--------+-----+--------+
         Total |   8144 |   7852 |    292 |   1481 |   5102 |   8 | 1018.0 |
       Dungeon |   7932 |   7725 |    207 |   1481 |   4990 |   7 | 1133.1 |
        Temple |    211 |    127 |     84 |      0 |    112 |   1 |  211.0 |
               +--------+--------+--------+--------+--------+-----+--------+

Top non-repeatable levels by time:
     D:5: 1582 daAuts
     D:6: 1453 daAuts
     D:2: 1449 daAuts
     D:4: 1183 daAuts
     D:1: 1127 daAuts
     D:3: 842 daAuts
     D:7: 293 daAuts
  Temple: 211 daAuts
